 Dungeon Crawl Stone Soup version 0.26-a0-466-g989023bd0d (webtiles) character file.

Game seed: 8281541093362056324

23 1player the Insei (level 2, 0/20 HPs)
             Began as an Octopode Transmuter on Aug 13, 2020.
             Slain by a hobgoblin
             ... wielding a +0 club
              (4 damage)
             ... on level 2 of the Dungeon.
             The game lasted 00:05:38 (1161 turns).

1player the Insei (Octopode Transmuter)             Turns: 1161, Time: 00:05:38

Health: 0/20       AC:  1    Str:  9    XL:     2   Next: 95%
Magic:  2/5        EV: 13    Int: 15    God:
Gold:   108        SH:  0    Dex: 12    Spells: 2/5 levels left

rFire    . . .     SeeInvis .     - Unarmed
rCold    . . .     Faith    .   (no shield)
rNeg     . . .     Spirit   .   (helmet currently unavailable)
rPois    .         Reflect  .   (no amulet)
rElec    .         Harm     .   (no ring)
rCorr    .                      (no ring)
MR       .....                  (no ring)
Stlth    ++........             (no ring)
HPRegen  0.06/turn              (no ring)
MPRegen  0.09/turn              (no ring)
                                (no ring)
                                (no ring)

@: appendages, wereblooded
A: almost no armour, stealthy swim, amphibious, 8 rings, constrict 8, tentacle
spike 3, camouflage 1, gelatinous body 1
a: End Transformation


You were on level 2 of the Dungeon.
One of your tentacles had a temporary spike.
You visited 1 branch of the dungeon, and saw 2 of its levels.

You collected 108 gold pieces.

Inventory:

Scrolls
 a - a scroll of enchant weapon
 b - a scroll of identify {@r1}
 d - a scroll of teleportation {unknown}
 g - a scroll of remove curse {unknown}
 h - a scroll of blinking {unknown}
 i - a scroll of magic mapping {unknown}
 j - a scroll of noise {unknown}
Potions
 c - 2 potions of flight
 e - a potion of curing {@q1}
 f - a potion of heal wounds {@q2}
 k - a potion of berserk rage {unknown}


   Skills:
 + Level 2.8 Fighting
 - Level 2.0 Dodging
 - Level 3.0 Unarmed Combat
 - Level 2.0 Spellcasting
 - Level 2.0 Transmutations


You had 2 spell levels left.
You knew the following spells:

 Your Spells              Type           Power        Failure   Level
a - Wereblood             Tmut           #.......     14%         2
z - Beastly Appendage     Tmut           #.....       10%         1

Your spell library contained the following spells:

 Spells                   Type           Power        Failure   Level
 Spider Form              Tmut/Pois      #.........   41%         3
 Ice Form                 Ice/Tmut       #.......     82%         4
 Blade Hands              Tmut           #.........   95%         5


Dungeon Overview and Level Annotations

Branches:
Dungeon (2/15)

Altars:


Innate Abilities, Weirdness & Mutations

You cannot wear most types of armour.
You are very stealthy in the water. (Stealth+)
You are amphibious.
You can wear up to eight rings at the same time.
You can use your tentacles to constrict eight enemies at once.
Your skin changes colour to match your surroundings (Stealth+).
Your rubbery body absorbs attacks. (AC +1, EV +1)
One of your tentacles bears a large vicious spike.


Message History

You constrict the giant cockroach. The giant cockroach bites you.
The goblin hits you.
You tentacle-slap the goblin. Your grab misses the goblin.
The goblin is severely wounded.
You constrict the giant cockroach. The giant cockroach misses you.
The hobgoblin closely misses you. x2; The giant cockroach misses you.
The goblin barely misses you.
You tentacle-slap the goblin.
You kill the goblin!
You constrict the giant cockroach. The hobgoblin closely misses you.
The hobgoblin hits you with a +0 club.
The giant cockroach waves its antennae.
The giant cockroach closely misses you.
You tentacle-slap the giant cockroach.
You kill the giant cockroach!
You howl as the wereblood boils in your veins!
The hobgoblin hits you.
* * * LOW HITPOINT WARNING * * *
The hobgoblin hits you with a +0 club.
You die...

.... .#
....# ##.#
.........#
.....#..#
#...#..#
#.#......###
#.....g....#
.
#.....†@...#
...
#.....g....#
....
##.........#
....
#.........#
....
#..[......#
.###
#..........
...
#..........#
....
##.........#
....


You could see 2 hobgoblins.

Vanquished Creatures
  2 dart slugs (D:1)
  2 giant cockroaches
  A hobgoblin (D:1)
  2 kobolds
  3 bats (D:1)
  A frilled lizard (D:1)
  4 goblins
  6 rats
21 creatures vanquished.

Notes
Turn   | Place    | Note
-------+----------+-------------------------------------------
     0 | D:1      | 1player the Octopode Transmuter began the quest for the
                  | Orb.
     0 | D:1      | Reached XP level 1. HP: 13/13 MP: 3/3
   198 | D:1      | Reached XP level 2. HP: 18/19 MP: 3/5
   518 | D:1      | Learned a level 2 spell: Wereblood
  1085 | D:2      | Found a faded altar of an unknown god.
  1161 | D:2      | Slain by a hobgoblin

Illustrated notes

Levels and vault maps discovered:
D:1:      evilmike_arrival_hilbert_curve, layout_basic, minmay_fountain_box,
          hangedman_decor_points, serial_bayou_crossing
D:2:      layout_basic, chequers_ecumenical_altar_simple, uniq_robin

Skill      XL: |  1 |
---------------+----+-----
Fighting       | 2 |  2.8
Dodging        | |  2.0
Unarmed Combat | |  3.0
Spellcasting   | |  2.0
Transmutations | |  2.0

Action                   || total
-------------------------++-------
Melee: Unarmed           ||    46
       Constrict         ||    15
       Kick              ||    10
       Punch             ||     1
       Tentacles         ||     1
 Cast: Beastly Appendage ||    15
       Wereblood         ||     1
  Use: Scroll            ||     4
 Stab: Sleeping          ||     2
Dodge: Dodged            ||    43

Table legend: (Time is in decaauts)
 A = Elapsed time spent in this place.
 B = Non-inter-level travel time spent in this place.
 C = Inter-level travel time spent in this place.
 D = Time resting spent in this place.
 E = Time spent auto-exploring this place.
 F = Levels seen in this place.
 G = Mean time per level.
                   A        B        C        D        E       F      G
               +--------+--------+--------+--------+--------+-----+--------+
         Total |   1159 |   1055 |    104 |     32 |    486 |   2 |  579.5 |
       Dungeon |   1159 |   1055 |    104 |     32 |    486 |   2 |  579.5 |
               +--------+--------+--------+--------+--------+-----+--------+

Top non-repeatable levels by time:
     D:1: 1058 daAuts
     D:2: 100 daAuts
